 Dungeon Crawl Stone Soup version 0.21.1-1-g345015fe64 (webtiles) character file.

357 Oravi the Slicer (level 6, -1/41 HPs)
             Began as a Halfling Fighter on Mar 29, 2018.
             Killed by divine providence
             ... invoked by an orc priest
              (11 damage)
             ... on level 5 of the Dungeon.
             The game lasted 00:12:33 (3545 turns).

Oravi the Slicer (Halfling Fighter)                 Turns: 3545, Time: 00:12:33

Health: -1/41      AC: 10    Str: 19    XL:     6   Next: 96%
Magic:  6/6        EV:  9    Int:  6    God:
Gold:   178        SH:  9    Dex: 14    Spells: 5/5 levels left

rFire    + . .     SeeInvis .   a - +0 rapier
rCold    + . .     Gourm    .   c - +0 shield
rNeg     . . .     Faith    .   b - +0 scale mail
rPois    +         Spirit   .   l - +0 helmet
rElec    +         Reflect  .   (no cloak)
rCorr    +         Harm     .   w - +0 pair of gloves
MR       .....                  i - +0 pair of boots
Stlth    ..........             (no amulet)
HPRegen  0.13/turn              (no ring)
MPRegen  0.10/turn              (no ring)

@: resistant, berserk cooldown, flying, slowed, very slow
A: small, mutation resistance 1
a: no special abilities


You were on level 5 of the Dungeon.
You were not hungry.

You visited 1 branch of the dungeon, and saw 5 of its levels.

You collected 178 gold pieces.

Inventory:

Hand Weapons
 a - a +0 rapier (weapon)
Missiles
 m - 169 stones (quivered)
 q - 18 sling bullets
Armour
 b - a +0 scale mail (worn)
 c - a +0 shield (worn)
 i - a +0 pair of boots (worn)
 l - a +0 helmet (worn)
 w - a +0 pair of gloves (worn)
Scrolls
 e - 2 scrolls of identify {unknown}
 h - 2 scrolls of blinking {unknown}
 j - 2 scrolls of noise {unknown}
 k - 5 scrolls of teleportation {unknown}
 n - a scroll of enchant armour {unknown}
 p - 3 scrolls of amnesia {unknown}
 s - 2 scrolls of remove curse {unknown}
 t - 3 scrolls of enchant weapon {unknown}
 u - a scroll of fog {unknown}
 v - a scroll of fear {unknown}
Potions
 z - a potion of haste {unknown}
 A - a potion of mutation {unknown}
 B - 2 potions of curing {unknown}
Comestibles
 d - 11 chunks of flesh
 f - 3 rations


   Skills:
 - Level 2.6 Fighting
 + Level 8.2 Short Blades
 - Level 3.2 Armour
 - Level 3.2 Shields


You had 5 spell levels left.
You didn't know any spells.

Dungeon Overview and Level Annotations

Branches:
Dungeon (5/15)
 Temple: D:4-7

Altars:
Nemelex Xobeh

Annotations:
D:3 Wolfborn's ghost, amateur DsAK


Innate Abilities, Weirdness & Mutations

You are small and have problems with some larger weapons.
You are somewhat resistant to further mutation.


Message History

You block the orc priest's attack. x2; Something hits you but does no damage.
You hit something. The orc priest barely misses you.
You block the orc priest's attack. Something hits you but does no damage.
You hit something.
The orc priest calls down the wrath of Beogh upon you.
Pain shoots through your body!
The orc priest looks encouraged for a moment.
Something hits you but does no damage. You block the orc priest's attack.
You barely miss something.
The orc priest hits you from afar with a trident.
Something hits you.
* * * LOW HITPOINT WARNING * * *
The orc priest hits you but does no damage.
You block the orc priest's attack.
It was a potion of flight.
You feel very buoyant.
You fly up into the air.
The orc priest invokes the aid of Beogh against you.
Beogh smites you!
You die...

##.. ... #.. ###..##
.##......
........#######
#...)........ .#....
#5# #.#... #@# .....
# #o# #... .# #o#
........#.# .. #r#
#.##....#.##. #o#
#.##........# #.#
............####.###
#.##...............#
#.##.........###.#.#


You could see 2 orc priests, a crimson imp, an orc and a quokka.

Vanquished Creatures
  An ice beast (D:5)
  A phantom (D:4)
  An iguana (D:4)
  4 adders
  An adder skeleton (D:4)
  4 worms
  3 dart slugs
  2 leopard geckos
  5 orcs
  5 bats
  8 giant cockroaches
  4 goblins
  5 hobgoblins
  16 jackals
  2 kobolds (D:2)
  4 quokkas
  4 ball pythons
  5 frilled lizards
  A jackal skeleton (D:4)
  10 rats
86 creatures vanquished.

Notes
Turn   | Place    | Note
-------+----------+-------------------------------------------
     0 | D:1      | Oravi the Halfling Fighter began the quest for the Orb.
     0 | D:1      | Reached XP level 1. HP: 15/15 MP: 1/1
    44 | D:1      | Reached skill level 3 in Short Blades
    59 | D:1      | Reached XP level 2. HP: 20/20 MP: 2/2
   300 | D:1      | Reached skill level 4 in Short Blades
   300 | D:1      | Reached XP level 3. HP: 25/25 MP: 3/3
  1169 | D:2      | Reached XP level 4. HP: 30/30 MP: 4/4
  1330 | D:2      | Reached skill level 5 in Short Blades
  1580 | D:3      | Noticed Wolfborn's ghost (amateur DsAK)
  1762 | D:3      | Found a sparkling altar of Nemelex Xobeh.
  1937 | D:3      | Reached XP level 5. HP: 27/35 MP: 5/5
  2465 | D:4      | Reached skill level 6 in Short Blades
  3111 | D:4      | Noticed a phantom
  3131 | D:4      | Killed a phantom
  3131 | D:4      | Reached skill level 7 in Short Blades
  3131 | D:4      | Reached XP level 6. HP: 32/41 MP: 6/6
  3282 | D:4      | Found a sparkling altar of Nemelex Xobeh.
  3350 | D:5      | Entered Level 5 of the Dungeon
  3500 | D:5      | Noticed an ice beast
  3522 | D:5      | Killed an ice beast
  3522 | D:5      | Reached skill level 8 in Short Blades
  3545 | D:5      | Killed from afar by an orc priest

Skill      XL: |  1  2  3  4  5  6 |
---------------+-------------------+-----
Short Blades   | 3 4 5 7 8 |  8.2
Fighting       | |  2.6
Armour         | |  3.2
Shields        | |  3.2

Action                   |  1- 3 |  4- 6 || total
-------------------------+-------+-------++-------
Melee: Rapier            |   100 |   225 ||   325
  Use: Potion            |       |     5 ||     5
  Eat: Chunk             |     1 |     8 ||     9
Armor: Scale mail        |    45 |    75 ||   120
Dodge: Dodged            |    27 |    71 ||    98
Block: Shield            |    51 |    90 ||   141
